 Dungeon Crawl Stone Soup version 0.20.1-1-g8b1a95d (webtiles) character file.

534 Chifra the Skirmisher (level 7, 55/55 HPs)
             Began as a Demonspawn Fighter on July 19, 2017.
             Got out of the dungeon alive.
             The game lasted 00:12:16 (5214 turns).

Chifra the Skirmisher (Demonspawn Fighter)          Turns: 5214, Time: 00:12:16

Health: 55/55      AC: 12    Str: 18    XL:     7   Next: 4%
Magic:  8/8        EV:  8    Int: 11    God:
Gold:   160        SH:  9    Dex: 13    Spells: 6/6 levels left

rFire    . . .     SeeInvis .   a - +0 flail
rCold    . . .     Gourm    .   c - +0 shield
rNeg     . . .     Faith    .   b - +0 scale mail
rPois    .         Spirit   .   t - +1 helmet
rElec    .         Reflect  .   w - +0 cloak
rCorr    +         Harm     .   (no gloves)
MR       .....                  (no boots)
Stlth    +.........             m - amulet of rage
Regen    0.2/turn               l - ring of resist corrosion
MPRegen  0.2/turn               o - +2 ring of strength

@: no status effects
A: claws 1, slimy green scales 1, nightstalker 1, powered by death 2
a: Evoke Berserk Rage


You escaped.
You were not hungry.

You visited 1 branch of the dungeon, and saw 4 of its levels.

You collected 160 gold pieces.

Inventory:

Hand Weapons
 a - a +0 flail (weapon)
Armour
 b - a +0 scale mail (worn)
 c - a +0 shield (worn)
 t - a +1 helmet (worn)
 w - a +0 cloak (worn)
Jewellery
 l - a ring of resist corrosion (left claw)
 m - an amulet of rage (around neck)
 o - a +2 ring of strength (right claw)
 u - an uncursed amulet of guardian spirit
 y - an uncursed amulet of faith
Wands
 d - a wand of random effects (28/48)
Scrolls
 e - 2 scrolls of magic mapping {unknown}
 h - 2 scrolls of identify
 i - a scroll of enchant weapon {unknown}
 j - 2 scrolls of amnesia {unknown}
 k - 3 scrolls of enchant armour {unknown}
 n - 5 scrolls of teleportation
Potions
 g - a potion of heal wounds {unknown}
 p - a potion of mutation {unknown}
 q - a potion of invisibility {unknown}
 r - 2 potions of degeneration {unknown}
 s - 2 potions of lignification {unknown}
 v - 2 potions of cancellation {unknown}
 z - a potion of curing {unknown}
Comestibles
 f - 2 bread rations
 x - a meat ration


   Skills:
 + Level 4.3 Fighting
 + Level 3.1 Maces & Flails
 + Level 4.0 Armour
 + Level 2.3 Dodging
 + Level 3.8 Shields
 + Level 2.5 Evocations


You had 6 spell levels left.
You didn't know any spells.

Dungeon Overview and Level Annotations

Branches:
Dungeon (4/15)
 Temple: D:4-7

Altars:
Qazlal

Annotations:
D:4 1 runed door


Innate Abilities, Weirdness & Mutations

You have sharp fingernails.
You are partially covered in slimy green scales. (AC +2)
You are slightly more attuned to the shadows.
You regenerate health from kills.


Message History

Where to? (? - help)
What level of the Dungeon? (default 1, ? - help)
There is a stone staircase leading up here.
You climb upwards.
There is a stone staircase leading down here.
Things that are here:
a scale mail; a robe; a dagger You see here a leather armour.
All of the chunks of flesh in your inventory have rotted away.
There is a stone staircase leading up, spattered with blood here.
You see here a short sword.
You climb upwards.
There is a stone staircase leading down, spattered with blood here.
Items here: )))))) [
There is a stone staircase leading up, spattered with blood here.
You climb upwards.
There is a stone staircase leading down, spattered with blood here.
There is a staircase leading out of the dungeon here.
Are you sure you want to leave the Dungeon?
This will make you lose the game!
You have escaped!

#.#...#...#####............###.#.
#.##.###..# #.#####.#..........
#.#.## ##.# #.#####.#.##.###.##
..##.###..# #.##......##.# #...
### #.#...# #.##.##.####># ####
#....# #.#...#.####.# ##^..#
#...#........## # #...#
###...#.......####
#######...######@...#.####.....#
...............##.#.#.####.....#
....................#.##.......#
.................##.#.##.#.....#
#######...#########.#.##.#.....#
# #...# #.#.......#### # #...#
#...##.#### # #..)# #.#.#...# #
#...# #.....#.#######


There were no monsters in sight!

Vanquished Creatures
  Sigmund (D:4)
  An ogre (D:4)
  2 orc priests
  An orc wizard (D:3)
  Robin (D:2)
  3 gnolls
  6 adders
  3 worms
  A dart slug (D:1)
  14 orcs
  A ball python (D:1)
  5 giant cockroaches
  13 goblins
  7 hobgoblins
  2 jackals (D:1)
  2 kobolds
  A quokka (D:2)
  12 bats
  3 frilled lizards
  2 quokka skeletons (D:4)
  6 rats
87 creatures vanquished.

Notes
Turn   | Place    | Note
-------+----------+-------------------------------------------
     0 | D:1      | Chifra the Demonspawn Fighter began the quest for the Orb.
     0 | D:1      | Reached XP level 1. HP: 18/18 MP: 1/1
   178 | D:1      | Gained mutation: You have sharp fingernails. [demonic ancestry]
   178 | D:1      | Reached XP level 2. HP: 16/24 MP: 2/2
   920 | D:2      | Reached XP level 3. HP: 23/29 MP: 3/3
  1174 | D:2      | Noticed Robin
  1344 | D:2      | Killed Robin
  1347 | D:2      | Gained mutation: You are partially covered in slimy green scales. (AC +2) [demonic ancestry]
  1347 | D:2      | Reached XP level 4. HP: 32/35 MP: 4/4
  1859 | D:3      | Reached skill level 1 in Dodging
  1867 | D:3      | Reached skill level 1 in Evocations
  2251 | D:3      | Gained mutation: You regenerate a little health from kills. [demonic ancestry]
  2251 | D:3      | Reached XP level 5. HP: 9/41 MP: 5/5
  2686 | D:3      | HP: 2/42 [gnoll/halberd of freezing (3)]
  4220 | D:2      | Gained mutation: You regenerate health from kills. [demonic ancestry]
  4220 | D:2      | Reached XP level 6. HP: 43/48 MP: 7/7
  4666 | D:4      | Found a stormy altar of Qazlal.
  4666 | D:4      | Noticed a water elemental
  4803 | D:4      | Found a runed door.
  4896 | D:4      | Noticed Sigmund
  4919 | D:4      | Killed Sigmund
  4919 | D:4      | Gained mutation: You are slightly more attuned to the shadows. [demonic ancestry]
  4919 | D:4      | Reached XP level 7. HP: 24/55 MP: 8/8
  5214 | D:$      | Got out of the dungeon alive.

Skill      XL: |  1  2  3  4  5  6 |
---------------+-------------------+-----
Shields        | 3 |  3.8
Armour         | 3 4 |  4.0
Maces & Flails | 2 3 |  3.1
Dodging        | 1 2 |  2.3
Evocations     | 1 2 |  2.5
Fighting       | 4 |  4.3

Action                   |  1- 3 |  4- 6 |  7- 9 || total
-------------------------+-------+-------+-------++-------
Melee: Flail             |   148 |   289 |       ||   437
  Use: Scroll            |     1 |     3 |       ||     4
       Potion            |       |     1 |       ||     1
  Eat: Chunk             |     2 |     6 |     2 ||    10
       Bread ration      |       |     1 |       ||     1
Armor: Scale mail        |    94 |   145 |       ||   239
Dodge: Dodged            |    54 |    79 |       ||   133
Block: Shield            |   104 |   143 |       ||   247
